 Dungeon Crawl Stone Soup version 0.16-a0-1885-g0f03bb0 (webtiles) character file.

3224 timbw the Carver (level 10, -6/80 HPs)
             Began as a Human Gladiator on Nov 7, 2014.
             Was an Initiate of the Shining One.
             Mangled by a merfolk
             ... wielding a +0 trident
              (12 damage)
             ... on level 9 of the Dungeon.
             The game lasted 00:20:16 (5016 turns).

timbw the Carver (Human Gladiator)                  Turns: 5016, Time: 00:20:16

Health: -6/80      AC: 18    Str: 22    XL:     10   Next: 18%
Magic:  10/10      EV:  6    Int:  9    God:    the Shining One [......]
Gold:   268        SH:  0    Dex: 16    Spells: 0 memorised, 9 levels left

rFire  . . .     SeeInvis .     a - +0 long sword
rCold  . . .     Clarity  .     k - +0 plate armour
rNeg   . . .     SustAb   .     (no shield)
rPois  .         Gourm    .     c - +0 helmet
rElec  .         Spirit   .     j - +0 cloak
rCorr  .         Warding  .     (no gloves)
rMut   .         Stasis   .     s - +0 pair of boots
MR     .....                    (no amulet)
Stlth  ..........               y - +3 ring of protection
                                w - +6 ring of strength

@: not resistant to hostile enchantments, extremely unstealthy
A: robust 1
a: Renounce Religion


You were on level 9 of the Dungeon.
You worshipped the Shining One.
The Shining One was noncommittal.
You were not hungry.

You visited 2 branches of the dungeon, and saw 10 of its levels.

You collected 356 gold pieces.
You spent 88 gold pieces at shops.

Inventory:

Hand weapons
 a - a +0 long sword (weapon)
Missiles
 g - 5 javelins (quivered)
 F - 3 curare-tipped needles
Armour
 b - a +0 leather armour
 c - a +0 helmet (worn)
 h - a +0 ring mail
 j - a +0 cloak (worn)
 k - a +0 plate armour (worn)
 o - a +1 ring mail of fire resistance
 s - a +0 pair of boots (worn)
Jewellery
 i - an uncursed ring of ice
 w - a +6 ring of strength (left hand)
 y - a +3 ring of protection (right hand)
 L - the ring "Cuutwor" {rN+ MR+}
   (You took it off a gnoll on level 9 of the Dungeon)

   [ring of positive energy]

   It protects you from negative energy.
   It affects your resistance to hostile enchantments.
Magical devices
 A - a wand of invisibility (5)
 J - a wand of fire (10)
Scrolls
 d - a scroll of noise
 m - a scroll of enchant armour
 n - 5 scrolls of remove curse
 q - a scroll of immolation
 t - 3 scrolls of identify
 u - a scroll of fog {unknown}
 z - a scroll of random uselessness {unknown}
 E - a scroll of enchant weapon {unknown}
 H - a scroll of magic mapping
 M - a scroll of teleportation {unknown}
Potions
 e - a potion of confusion
 l - 3 potions of agility
 v - 4 potions of curing
 B - a potion of invisibility
 D - 4 potions of might
 G - a potion of restore abilities
 N - 2 potions of flight {unknown}
Books
 x - a book of Death

   Spells                             Type                      Level
   Corpse Rot                         Necromancy                   2
   Sublimation of Blood               Necromancy                   2
   Agony                              Necromancy                   5
   Dispel Undead                      Necromancy                   5
   Excruciating Wounds                Charms/Necromancy            5
   Bolt of Draining                   Conjuration/Necromancy       5
   The Shining One opposes the use of such an evil item.
 C - a book of Geomancy

   Spells                             Type                      Level
   Sandblast                          Earth                        1
   Stoneskin                          Transmutation/Earth          2
   Passwall                           Transmutation/Earth          3
   Stone Arrow                        Conjuration/Earth            3
   Petrify                            Transmutation/Earth          4
   Lee's Rapid Deconstruction         Earth                        5
 K - a book of Hinderance

   Spells                             Type                      Level
   Confusing Touch                    Hexes                        2
   Confuse                            Hexes                        3
   Petrify                            Transmutation/Earth          4
   Leda's Liquefaction                Hexes/Earth                  4
   Metabolic Englaciation             Hexes/Ice                    5
   Summon Mana Viper                  Hexes/Summoning              5
Comestibles
 f - 4 bread rations
 p - 2 meat rations
 r - 4 fruits
 I - 3 chunks of flesh


   Skills:
 + Level 4.6 Fighting
 * Level 11.6 Long Blades
 - Level 2.0 Throwing
 + Level 4.2 Armour
 + Level 5.2 Dodging


You had 9 spell levels left.
You didn't know any spells.

Dungeon Overview and Level Annotations

Branches:
Dungeon (9/15)             Temple (1/1) D:4
   Lair: D:8-11         Orc: D:9-12

Altars:
Ashenzari
Cheibriados
Dithmenos
Gozag
Kikubaaqudgha
Makhleb
Okawaru
Zin
The Shining One

Shops:
D:7 !

Annotations:
D:4 exclusion: oklob sapling


Innate Abilities, Weirdness & Mutations

You are robust (+10% HP).


Message History

The merfolk is heavily wounded.
The merfolk hits you with a trident!
You slash the merfolk!
The merfolk is severely wounded.
The merfolk hits you with a trident!
You miss the merfolk.
The merfolk is severely wounded.
You barely miss the merfolk.
The merfolk is severely wounded.
The merfolk hits you with a trident!
You slash the merfolk!
The merfolk is almost dead.
The merfolk hits you with a trident!!
* * * LOW HITPOINT WARNING * * *
Drink which item? (? for menu, Esc to quit)
Okay, then.
You hit the merfolk but do no damage.
The merfolk is almost dead.
The merfolk hits you with a trident!
You die...

≈≈≈≈≈≈≈...≈≈≈≈♣... ≈
≈≈≈≈.≈♣......≈≈... ≈≈≈
≈≈≈...♣♣.≈.......
≈≈≈♣≈..≈≈≈≈≈♣..≈≈♣..
#####≈♣.≈≈≈≈≈≈≈≈.≈≈≈≈.≈
##≈≈≈##≈.≈≈≈≈≈≈≈♣.≈≈≈...
#≈≈≈≈≈##..♣♣.♣♣........≈
#≈≈$...≈#♣......≈♣≈≈≈≈♣..
+≈.(>!.m@.≈.≈≈≈≈≈≈≈≈≈≈.♣.
#≈..?.≈≈#≈..≈≈≈≈≈≈≈##≈≈♣.
#≈≈≈≈≈##≈..≈≈#######≈≈.#
##≈≈≈##≈≈≈#### #####
#####≈≈≈≈# ≈≈≈≈≈# ######


You could see a merfolk.

Vanquished Creatures
  Pikel (D:6)
  A hog (D:9)
  A hippogriff (D:9)
  3 yaks (D:9)
  A hungry ghost (D:8)
  2 phantoms
  A sky beast (D:8)
  3 ogres
  2 centaurs
  2 big kobolds (D:8)
  3 giant frogs
  2 scorpions (D:6)
  2 yak zombies (D:7)
  A crimson imp (D:6)
  A hound (D:6)
  A giant frog skeleton (D:7)
  A black bear zombie (D:6)
  Crazy Yiuf (D:2)
  A jelly (D:7)
  A gnoll shaman (D:9)
  5 orc wizards
  2 orc priests
  4 sheep
  2 worker ants
  A black bear skeleton (D:6)
  5 gnolls
  5 adders
  A giant mite (D:5)
  An adder skeleton (D:6)
  27 orcs
  3 giant cockroaches
  7 hobgoblins
  4 jackals
  A quokka (D:8)
  6 bats
  A giant newt (D:6)
  9 goblins
  A hobgoblin skeleton (D:4)
  18 kobolds
  A quokka skeleton (D:6)
  7 rats
  A fungus (D:2)
  A plant (D:4)
144 creatures vanquished.

Notes
Turn   | Place    | Note
--------------------------------------------------------------
     0 | D:1      | timbw, the Human Gladiator, began the quest for the Orb.
     0 | D:1      | Reached XP level 1. HP: 16/16 MP: 1/1
   234 | D:3      | Reached XP level 2. HP: 17/22 MP: 2/2
   404 | D:2      | Reached skill level 4 in Long Blades
   404 | D:2      | Reached XP level 3. HP: 20/27 MP: 3/3
   464 | D:2      | Noticed Crazy Yiuf
   472 | D:2      | Killed Crazy Yiuf
   472 | D:2      | Reached XP level 4. HP: 23/33 MP: 4/4
   712 | D:4      | Reached skill level 5 in Long Blades
   795 | D:5      | Entered Level 5 of the Dungeon
   982 | D:5      | Found an opulent altar of Gozag.
   983 | D:5      | Found a glowing silver altar of Zin.
  1129 | D:5      | Reached XP level 5. HP: 33/38 MP: 5/5
  1165 | D:5      | Noticed a centaur
  1168 | D:5      | Found a burning altar of Makhleb.
  1175 | D:5      | Killed a centaur
  1175 | D:5      | Reached skill level 6 in Long Blades
  1187 | D:5      | Noticed a black bear
  1223 | D:5      | Reached XP level 6. HP: 24/44 MP: 6/6
  1233 | D:5      | Gained mutation: You are robust (+10% HP). [potion of beneficial mutation]
  1541 | D:6      | Reached skill level 7 in Long Blades
  1742 | D:7      | Reached XP level 7. HP: 52/55 MP: 7/7
  1763 | D:7      | Found an ancient bone altar of Kikubaaqudgha.
  1805 | D:7      | Found Frirpheng's Distillery.
  1813 | D:7      | Bought a potion of curing for 22 gold pieces
  1813 | D:7      | Bought a potion of heal wounds for 33 gold pieces
  1813 | D:7      | Bought a potion of berserk rage for 33 gold pieces
  2038 | D:6      | Reached skill level 8 in Long Blades
  2208 | D:6      | Noticed a slave
  2209 | D:6      | Noticed a slave
  2247 | D:6      | Noticed Pikel
  2247 | D:6      | Noticed a slave
  2247 | D:6      | Noticed a slave
  2256 | D:6      | Killed Pikel
  2256 | D:6      | Reached skill level 9 in Long Blades
  2256 | D:6      | Reached XP level 8. HP: 61/61 MP: 8/8
  2488 | D:7      | Found a shadowy altar of Dithmenos.
  2542 | D:7      | Noticed a gargoyle
  2571 | D:7      | Reached skill level 10 in Long Blades
  2897 | D:6      | Reached skill level 1 in Armour
  3023 | D:5      | Noticed a phantom
  3025 | D:5      | Noticed an ogre
  3038 | D:4      | Reached XP level 9. HP: 51/68 MP: 9/9
  3359 | D:4      | Found a staircase to the Ecumenical Temple.
  3384 | Temple   | Entered the Ecumenical Temple
  3394 | Temple   | Became a worshipper of the Shining One
  3477 | D:4      | You fall through a shaft!
  3486 | D:5      | Noticed an ogre
  3495 | D:5      | Killed an ogre
  4139 | D:8      | Found an iron altar of Okawaru.
  4292 | D:8      | Reached skill level 11 in Long Blades
  4747 | D:9      | Got a crude jade ring
  4751 | D:9      | Identified the ring "Cuutwor" {rN+ MR+} (You took it off a gnoll on level 9 of the Dungeon)
  4854 | D:9      | Reached skill level 5 in Dodging
  4854 | D:9      | Reached XP level 10. HP: 64/79 MP: 10/10
  5000 | D:9      | Noticed a merfolk
  5016 | D:9      | Mangled by a merfolk

Action                   |  1- 3 |  4- 6 |  7- 9 | 10-12 || total
-------------------------+-------+-------+-------+-------++-------
Melee: Long sword        |    50 |   146 |   460 |    61 ||   717
Throw: Throwing net      |     5 |     3 |       |       ||     8
       Javelin           |       |     6 |    14 |       ||    20
  Use: Scroll            |       |     3 |     7 |       ||    10
       Potion            |       |     2 |     4 |       ||     6
 Stab: Held in net/web   |     2 |     1 |       |       ||     3
  Eat: Chunk             |       |     3 |     8 |     1 ||    12
       Fruit             |       |       |     1 |       ||     1
       Bread ration      |       |       |     1 |       ||     1
